 Dungeon Crawl Stone Soup version 0.29-a0-91-gdebf4667c2 (webtiles) character file.

Game seed: 12937158034300318806

12820 kae the Fighter (level 11, -16/95 HPs)
             Began as a Green Draconian Transmuter on Feb 8, 2022.
             Was an Initiate of Ru.
             Killed from afar by an ogre mage (25 damage)
             ... with a bolt of magma
             ... on level 11 of the Dungeon.
             The game lasted 00:12:56 (15404 turns).

kae the Fighter (Green Draconian Transmuter)       Turns: 15404, Time: 00:12:57

Health: -16/95     AC:  7    Str: 14    XL:     11   Next: 67%
Magic:  15/22      EV: 14    Int: 23    God:    Ru [......]
Gold:   485        SH:  0    Dex: 11    Spells: 13/25 levels left

rFire   . . .      SeeInvis .     - Unarmed
rCold   . . .      Faith    .   (shield currently unavailable)
rNeg    . . .      Spirit   .   (armour unavailable)
rPois   +          Reflect  .   (helmet restricted)
rElec   .          Harm     .   (no cloak)
rCorr   .          Rampage  .   (gloves currently unavailable)
Will    +....                   (no boots)
Stlth   ..........              (no amulet)
HPRegen 0.25/turn               b - ring of willpower
MPRegen 0.18/turn               g - +6 ring of intelligence

@: blade hands
A: breathe noxious fumes, AC +7, unfitting armour, poison resistance,
cold-blooded, no stealth
a: Breathe Noxious Fumes, End Transformation, Renounce Religion


You were on level 11 of the Dungeon.
You worshipped Ru.
Ru was noncommittal.
You had blades for hands.
You visited 2 branches of the dungeon, and saw 12 of its levels.

You collected 507 gold pieces.
You spent 22 gold pieces at shops.

Inventory:

Jewellery
 b - a ring of willpower (left blade hand)
 g - a +6 ring of intelligence (right blade hand)
 s - a ring of flight
 v - an amulet of magic regeneration
 z - a ring of magical power
 A - a +6 ring of dexterity
Wands
 c - a wand of digging (11)
 d - a wand of charming (9)
 l - a wand of paralysis (7)
 q - a wand of flame (18)
 r - a wand of acid (7)
 u - a wand of iceblast (9)
 w - a wand of polymorph (4)
 x - a wand of mindburst (5)
Scrolls
 j - a scroll of teleportation
 o - 2 scrolls of identify
 t - a scroll of enchant armour
 y - a scroll of fear
 B - a scroll of fog
Potions
 a - 4 potions of curing
 e - a potion of degeneration
 f - 3 potions of mutation
 h - a potion of cancellation
 i - 3 potions of haste
 k - a potion of lignification
 m - a potion of invisibility
 n - 2 potions of ambrosia
 p - 2 potions of brilliance


   Skills:
 + Level 8.8 Fighting
 + Level 7.5 Dodging
 + Level 8.6 Unarmed Combat
 + Level 7.9 Spellcasting
 + Level 8.4 Transmutations
 - Level 5.0 Ice Magic
 - Level 2.4 Poison Magic


You had 13 spell levels left.
You knew the following spells:

 Your Spells              Type           Power      Damage    Failure   Level
a - Blade Hands           Tmut           23%        N/A       36%         5
b - Spider Form           Tmut/Pois      34%        N/A       22%         3
c - Ice Form              Ice/Tmut       40%        N/A       30%         4

Your spell library contained the following spells:

 Spells                   Type           Power      Damage    Failure   Level
 Beastly Appendage        Tmut           94%        N/A       9%          1
 Wereblood                Tmut           47%        N/A       11%         2
 Ignite Poison            Fire/Tmut/Pois 25%        N/A       32%         3
 Pain                     Necr           36%        1d5       38%         1
 Slow                     Hex            36%        N/A       38%         1
 Summon Small Mammal      Summ           36%        N/A       38%         1
 Scorch                   Fire           18%        2d5       47%         2
 Call Canine Familiar     Summ           9%         N/A       65%         3
 Confusing Touch          Hex            9%         N/A       65%         3
 Conjure Flame            Conj/Fire      9%         6-21      65%         3
 Gell's Gravitas          Tloc           9%         N/A       65%         3
 Summon Guardian Golem    Hex/Summ       9%         N/A       65%         3
 Teleport Other           Tloc           9%         N/A       65%         3
 Vampiric Draining        Necr           9%         2d6       65%         3
 Flame Wave               Conj/Fire      9%         2d5       90%         4
 Passage of Golubria      Tloc           9%         N/A       90%         4
 Sticky Flame             Conj/Fire      9%         2d3       90%         4
 Agony                    Necr           9%         N/A       99%         5
 Excruciating Wounds      Necr           4%         N/A       99%         5
 Silence                  Hex/Air        4%         N/A       99%         5
 Dispersal                Tloc           4%         N/A       100%        6
 Iron Shot                Conj/Erth      4%         9d2       100%        6
 Summon Cactus Giant      Summ           4%         N/A       100%        6
 Lehudib's Crystal Spear  Conj/Erth      4%         10d3      100%        8
 Animate Armour           Summ/Erth      Unusable   N/A       N/A         4

Dungeon Overview and Level Annotations

Branches:
Dungeon (11/15)            Temple (1/1) D:6             Orc (0/2) D:10
   Lair: D:8-11

Altars:
Ashenzari
Cheibriados
Dithmenos
Elyvilon
Fedhas
Gozag
Hepliaklqana
Kikubaaqudgha
Makhleb
Nemelex Xobeh
Okawaru
Qazlal
Ru
Sif Muna
Trog
Uskayaw
Vehumet
Wu Jian
Xom
Yredelemnul
Zin
The Shining One

Shops:
D:5 ?


Innate Abilities, Weirdness & Mutations

You have blades for hands.
Your spellcasting is less reliable in this form.
You are incapable of wielding weapons or throwing items.
You can breathe blasts of noxious fumes.
Your lurid green scales are hard. (AC +7)
You cannot fit into any form of body armour.
Your system is resistant to poisons. (rPois)
You are cold-blooded and may be slowed by cold attacks.
You cannot be stealthy.


Message History

You are too injured to fight recklessly!
You are too injured to fight recklessly!
You are too injured to fight recklessly!
You slash the two-headed ogre!
The two-headed ogre is almost dead.
You have got your breath back.
The ogre mage hits you with a +0 spear! Something hits you but does no damage.
You slice the two-headed ogre!!
You kill the two-headed ogre!
The ogre mage hits you with a +0 spear. Something hits you.
You slash the ogre mage!
The ogre mage is almost dead.
The ogre mage closely misses you. Something hits you.
You slash the ogre mage!
You kill the ogre mage!
Something barely misses you.
You slice the orc warrior!!
You kill the orc warrior!
You hear an angry hiss.
Something hits you! Something hits you.
* * * LOW HITPOINT WARNING * * *
Items here: )) [[.
You slash something!
Your tail-slap misses something.
Your hands revert to their normal proportions.
You hit something. You punch something. Something hits you.
* * * LOW HITPOINT WARNING * * *
You hit something. Something hits you!
* * * LOW HITPOINT WARNING * * *
Casting: Blade Hands (dangerous; 6% risk of failure)
Confirm with . or Enter, or press ? or * to list all spells.
Your hands turn into razor-sharp scythe blades.
You hear an angry hiss.
Something hits you!
* * * LOW HITPOINT WARNING * * *
You hear a shout!
You hear some strange, mumbled words.
A bolt of magma appears from out of thin air!
The bolt of magma hits you!!
You die...

..........#.#.#
.........##.#<#
#.......##..#.#
##.....##..##.#
###.###..#...#
# #.. #.####.#
.##.# #.####.#
#.#
OO..u.##..#.)#
#.# #..#{@#.#
#.# #..####.#
###. #.. ..
##.. o.. #..
O.## #.# ### .#


There were no monsters in sight!

Vanquished Creatures
  An ogre mage (D:11)
  2 two-headed ogres
  The ghost of Armakuni the Cruncher, a novice HuGl of Vehumet (D:9)
  The ghost of NigelTetley the Slasher, a novice FoFi of Cheibriados (D:7)
  Pikel (D:6)
  A cyclops (D:8)
  An ugly thing (D:11)
  3 unseen horrors
  A hornet (D:9)
  Grinder (D:4)
  Sigmund (D:3)
  13 yaks
  2 wyverns
  Eustachio (D:4)
  4 vampire mosquitoes
  2 steam dragons (D:7)
  2 orc warriors
  A water moccasin (D:8)
  2 necrophages
  An ice beast (D:7)
  3 black bears
  2 ogres
  3 centaurs
  A lemure (D:6)
  A phantom (D:7)
  4 bullfrogs
  3 kobold brigands
  A gnoll sergeant (D:8)
  3 scorpions
  A water moccasin zombie (D:6)
  2 wyvern skeletons
  3 killer bees (D:10)
  10 wights
  An electric eel (D:8)
  A jelly (D:4)
  A howler monkey (D:6)
  4 crimson imps (D:4)
  2 bullfrog zombies
  5 centaur zombies
  A hound (D:6)
  3 centaur skeletons
  A gnoll shaman (D:4)
  4 orc priests
  Ijyb (D:3)
  Jessica (D:3)
  Natasha (D:3)
  An iguana (D:4)
  8 orc wizards
  A killer bee zombie (D:6)
  A hound skeleton (D:4)
  Robin (D:2)
  7 gnolls
  6 adders
  A shadow imp (D:5)
  A white imp (D:4)
  An adder skeleton (D:4)
  A worm (D:3)
  21 orcs
  7 ball pythons
  3 bats (D:3)
  7 endoplasms
  6 giant cockroaches
  12 goblins
  12 hobgoblins
  7 jackals
  4 quokkas
  A frilled lizard (D:1)
  20 kobolds
  A rat (D:3)
235 creatures vanquished.

Vanquished Creatures (others)
  2 fungi (D:11)
  3 plants (D:11)
5 creatures vanquished.

Grand Total: 240 creatures vanquished

Notes
Turn   | Place    | Note
-------+----------+-------------------------------------------
     0 | D:1      | kae the Draconian Transmuter began the quest for the Orb.
     0 | D:1      | Reached XP level 1. HP: 16/16 MP: 3/3
   303 | D:1      | Reached XP level 2. HP: 23/23 MP: 3/5
  1039 | D:2      | Reached XP level 3. HP: 29/29 MP: 4/6
  1294 | D:2      | Noticed Robin
  1320 | D:1      | Learned a level 3 spell: Spider Form
  1369 | D:2      | Killed Robin
  2105 | D:3      | Reached XP level 4. HP: 30/36 MP: 7/7
  2172 | D:3      | Noticed Sigmund
  2187 | D:3      | Killed Sigmund
  2188 | D:3      | Reached XP level 5. HP: 38/42 MP: 5/9
  2526 | D:3      | Noticed Ijyb
  2544 | D:3      | Killed Ijyb
  2545 | D:3      | Reached XP level 6. HP: 39/50 MP: 6/10
  2561 | D:3      | Learned a level 4 spell: Ice Form
  2645 | D:3      | Found a shimmering blue altar of Sif Muna.
  2751 | D:3      | Noticed Jessica
  2760 | D:3      | Killed Jessica
  2820 | D:3      | Noticed Natasha
  2833 | D:3      | Killed Natasha
  3011 | D:3      | Found a large runed translucent door.
  3012 | D:3      | Found a large runed translucent door.
  3219 | D:3      | Found a bloodstained altar of Trog.
  3225 | D:3      | Found an ornate altar of the Wu Jian Council.
  3468 | D:4      | Reached skill level 1 in Ice Magic
  3678 | D:4      | Found a shimmering altar of Xom.
  3988 | D:4      | Your scales start taking on a lurid green colour.
  3988 | D:4      | Reached XP level 7. HP: 57/57 MP: 8/12
  3988 | D:4      | Gained mutation: Your system is resistant to poisons.
                  | (rPois) [Green Draconian growth]
  4077 | D:4      | Noticed Eustachio
  4243 | D:4      | Killed Eustachio
  4373 | D:4      | Noticed Grinder
  4382 | D:4      | Paralysed by Grinder for 4 turns
  4393 | D:4      | Paralysed by Grinder for 4 turns
  4400 | D:4      | Killed Grinder
  4530 | D:4      | Reached XP level 8. HP: 43/66 MP: 9/13
  4857 | D:5      | Entered Level 5 of the Dungeon
  5780 | D:5      | Found Ryehec's Magic Scroll Shoppe.
  5791 | D:5      | Bought a scroll of identify for 22 gold pieces
  5818 | D:5      | Reached skill level 5 in Unarmed Combat
  6603 | D:6      | Noticed Pikel
  6615 | D:6      | Killed Pikel
  6616 | D:6      | Reached skill level 5 in Fighting
  6616 | D:6      | Reached skill level 5 in Spellcasting
  6616 | D:6      | Reached skill level 5 in Transmutations
  6616 | D:6      | Reached skill level 5 in Ice Magic
  6616 | D:6      | Reached XP level 9. HP: 74/74 MP: 11/16
  7034 | D:6      | Identified a scroll of acquirement
  7034 | D:6      | Acquired a book of Iron
  7059 | D:6      | Found a staircase to the Ecumenical Temple.
  7071 | Temple   | Entered the Ecumenical Temple
  7715 | D:7      | Found a glowing silver altar of Zin.
  7861 | D:7      | Reached skill level 5 in Dodging
  8113 | D:7      | Found an iron altar of Okawaru.
  8142 | D:7      | Found a stormy altar of Qazlal.
  8357 | D:7      | Found a runed translucent door.
  8360 | D:7      | Noticed NigelTetley's ghost (novice FoFi)
  8418 | D:7      | Found a sacrificial altar of Ru.
  8595 | D:7      | Became a worshipper of Ru the Awakened
  8782 | D:7      | Killed NigelTetley's ghost
  8783 | D:7      | Reached XP level 10. HP: 78/83 MP: 15/19
  9995 | D:8      | Noticed a cyclops
 10005 | D:8      | Killed a cyclops
 11630 | D:9      | Learned a level 5 spell: Blade Hands
 11724 | D:9      | Gained mutation: You cannot be stealthy. [Ru sacrifice]
 12036 | D:9      | Found a sparkling altar of Nemelex Xobeh.
 12214 | D:9      | Found a shadowy altar of Dithmenos.
 12268 | D:9      | Found an opulent altar of Gozag.
 12518 | D:9      | Found a runed translucent door.
 12561 | D:9      | Noticed Armakuni's ghost (novice HuGl)
 12885 | D:9      | Killed Armakuni's ghost
 12886 | D:9      | Reached XP level 11. HP: 16/87 MP: 17/21
 13216 | D:10     | Entered Level 10 of the Dungeon
 14021 | D:10     | Found a white marble altar of Elyvilon.
 14096 | D:10     | Noticed a two-headed ogre
 14404 | D:10     | Killed a two-headed ogre
 14652 | D:10     | Found a staircase to the Orcish Mines.
 15376 | D:11     | Noticed an ogre mage
 15376 | D:11     | Noticed an ogre mage
 15376 | D:11     | Noticed a red ugly thing
 15376 | D:11     | Noticed a two-headed ogre
 15391 | D:11     | Killed a red ugly thing
 15395 | D:11     | Killed a two-headed ogre
 15397 | D:11     | Killed an ogre mage
 15404 | D:11     | Killed from afar by an ogre mage

Illustrated notes

Levels and vault maps discovered:
D:1:      minmay_arrival_loop, layout_loops_ring
D:2:      layout_basic, uniq_robin
D:3:      layout_loops_ring, mainiacjoe_overflow_brackets,
          jmf_multi_god_temple2, uniq_sigmund, uniq_jessica, uniq_ijyb,
          uniq_natasha
D:4:      layout_rooms, led_xom_imps, nicolae_elevator_lobby_asterisk,
          uniq_eustachio, uniq_grinder
D:5:      layout_rooms, serial_shops, shop, hangedman_glass_teeth
D:6:      layout_loops_corners, minmay_temple_entry_proselytizer, uniq_pikel
D:7:      layout_rooms, nicolae_qazlal_scattered_showers,
          nicolae_ru_sacrificial_ziggurat, mainiacjoe_overflow_tiny_flanked,
          zin_treasury, gammafunk_ghost_grave
D:8:      layout_cave_pools, serial_park, serial_park_square2,
          serial_park_tiny_2, serial_park_paths [serial_park_minivault_5x5_1],
          serial_park_tiny_pond
D:9:      layout_roguey, nicolae_dithmenos_through_a_glass_darkly,
          mainiacjoe_overflow_24_doors, grunt_gozag_breadcrumbs,
          ebering_ghost_reflecting_pool, chequers_serial_rivers_large_a,
          kennysheep_path_1, hex_tiny
D:10:     layout_rooms, overflow_temple_1_default, orc_0_dummy,
          kennysheep_generic_room_14
D:11:     minmay_the_grid_octo_tiled_octocenter [minmay_the_grid_octo_empty,
          minmay_the_grid_octo_vomiting_pacman, minmay_the_grid_octo_chip,
          minmay_the_grid_octo_clover,
          minmay_the_grid_octo_prize_square_snowflake,
          minmay_the_grid_square_5x5_tetrominoes,
          minmay_the_grid_square_5x5_intrusive_squares,
          minmay_the_grid_square_5x5_trominoes, minmay_the_grid_square_5x5_v],
          layout_basic, david_lair_generic
Temple:   dpeg_chambers_temple

Skill      XL: |  1  2  3  4  5  6  7  8  9 10 11 |
---------------+----------------------------------+-----
Dodging        | 2 3 4 5 6 7 |  7.5
Fighting       | 2 3 5 6 7 8 |  8.8
Transmutations | 3 4 5 6 7 8 |  8.4
Poison Magic   | 2 |  2.4
Spellcasting   | 3 5 6 7 |  7.9
Ice Magic      | 2 3 5 |  5.0
Unarmed Combat | 4 5 6 7 8 |  8.6

Action                   |  1- 3 |  4- 6 |  7- 9 | 10-12 || total
-------------------------+-------+-------+-------+-------++-------
Melee: Unarmed           |   109 |   152 |   258 |   279 ||   798
       Tailslap          |    12 |     4 |     3 |    22 ||    41
       Kick              |    10 |     5 |     4 |       ||    19
       Headbutt          |     8 |     4 |     6 |       ||    18
       Punch             |     3 |     2 |     3 |     9 ||    17
 Cast: Beastly Appendage |    20 |     9 |     6 |       ||    35
       Spider Form       |     2 |    15 |    18 |       ||    35
       Ice Form          |       |       |    14 |    20 ||    34
       Blade Hands       |       |       |       |    22 ||    22
Invok: Sacrifice Stealth |       |       |       |     1 ||     1
 Abil: Breathe Noxious F |       |       |     4 |     7 ||    11
       End Transformatio |       |       |     1 |       ||     1
Evoke: Wand              |       |     1 |       |     3 ||     4
  Use: Scroll            |     4 |     2 |     4 |    10 ||    20
       Potion            |       |     3 |       |       ||     3
 Stab: Sleeping          |     2 |       |       |       ||     2
       Confused          |       |       |     2 |     3 ||     5
Armor: Skin              |    32 |    21 |    64 |   106 ||   223
Dodge: Dodged            |    54 |   104 |   191 |   156 ||   505

Table legend: (Time is in decaauts)
 A = Elapsed time spent in this place.
 B = Non-inter-level travel time spent in this place.
 C = Inter-level travel time spent in this place.
 D = Time resting spent in this place.
 E = Time spent auto-exploring this place.
 F = Levels seen in this place.
 G = Mean time per level.
                   A        B        C        D        E       F      G
               +--------+--------+--------+--------+--------+-----+--------+
         Total |  15352 |  14970 |    382 |   1857 |  11011 |  12 | 1279.3 |
       Dungeon |  15115 |  14757 |    358 |   1857 |  10807 |  11 | 1374.1 |
        Temple |    236 |    213 |     23 |      0 |    204 |   1 |  236.0 |
               +--------+--------+--------+--------+--------+-----+--------+

Top non-repeatable levels by time:
     D:7: 2365 daAuts
     D:9: 1849 daAuts
     D:4: 1639 daAuts
     D:3: 1479 daAuts
     D:6: 1472 daAuts
    D:10: 1259 daAuts
     D:8: 1241 daAuts
     D:5: 1191 daAuts
     D:1: 1051 daAuts
     D:2: 892 daAuts
    D:11: 672 daAuts
  Temple: 236 daAuts
